 Dungeon Crawl Stone Soup version 0.24-a0-203-gf0bc1e94ae (webtiles) character file.

Game seed: 9535462407380317971

717938 Orphidia the End of an Era (level 27, -3/261 HPs)
             Began as a Minotaur Gladiator on Mar 25, 2019.
             Was the Champion of Qazlal.
             Killed from afar by an electric golem (41 damage)
             ... with a bolt of lightning
             ... on level 5 of the Realm of Zot on Mar 26, 2019.
             The game lasted 02:48:05 (69346 turns).

Orphidia the End of an Era (Minotaur Gladiator)    Turns: 69346, Time: 02:48:06

Health: -3/261     AC: 41    Str: 28      XL:     27
Magic:  39/39      EV: 26    Int:  2 (4)  God:    Qazlal [******]
Gold:   6503       SH:  8    Dex: 23      Spells: 24/26 levels left

rFire    + + .     SeeInvis +   a - +9 bardiche (chop)
rCold    + . .     Gourm    .   (shield currently unavailable)
rNeg     . . .     Faith    .   Y - +9 plate armour of Freedom {rCorr Str+2 Dex-5}
rPois    +         Spirit   .   c - +2 hat
rElec    .         Reflect  .   p - scarf {rC+ rF+}
rCorr    +         Harm     .   v - +2 pair of gloves
MR       +++..     Rnd*Rage +   g - +2 pair of boots of Ret Wiuz {*Drain Str+3}
Stlth    ..........             N - amulet of Ryotetha {rPois Regen+ Dex+3 Slay+3}
HPRegen  0.93/turn              w - ring "Daus" {Dex+5 SInv}
MPRegen  0.26/turn              Q - ring "Varuol" {rF+ MR+ AC+3 Int-2 Stlth+}

@: protected from physical damage, hasted, repel missiles, very quick
A: retaliatory headbutt, horns 2, berserk 1, blurry vision 3, deformed body,
screaming 2
}: 4/15 runes: decaying, serpentine, silver, abyssal
a: Upheaval, Elemental Force, Disaster Area, Renounce Religion


You were on level 5 of the Realm of Zot.
You worshipped Qazlal.
Qazlal was exalted by your worship.
You were full.

You visited 11 branches of the dungeon, and saw 53 of its levels.
You visited the Abyss 2 times.
You visited 1 bazaar.

You collected 9211 gold pieces.
You spent 2708 gold pieces at shops.


Innate Abilities, Weirdness & Mutations

You reflexively headbutt those who attack you in melee.
You have a pair of horns on your head.
You tend to lose your temper in combat.
Scrolls take you much longer to read.
Armour fits poorly on your strangely shaped body.
You sometimes yell uncontrollably at your foes.


   Skills:
 - Level 24.0 Fighting
 - Level 26.0 Polearms
 - Level 2.0 Throwing
 - Level 24.0 Armour
 + Level 22.9 Dodging
 O Level 27 Invocations
 - Level 6.0 Evocations


You had 24 spell levels left.
You knew the following spells:

 Your Spells              Type           Power        Failure   Level  Hunger
b - Blink                 Tloc           N/A          98%         2    ###....

Your spell library contained the following spells:

 Spells                   Type           Power        Failure   Level  Hunger
 Animate Skeleton         Necr           N/A          93%         1    ##.....
 Apportation              Tloc           #.....       93%         1    ##.....
 Beastly Appendage        Tmut           #.....       93%         1    ##.....
 Confusing Touch          Hex            #.....       93%         1    ##.....
 Corona                   Hex            #......      93%         1    ##.....
 Freeze                   Ice            #...         93%         1    ##.....
 Infusion                 Chrm           #...         93%         1    ##.....
 Magic Dart               Conj           #...         93%         1    ##.....
 Pain                     Necr           #...         93%         1    ##.....
 Sandblast                Erth           #.....       93%         1    ##.....
 Sting                    Conj/Pois      #...         93%         1    ##.....
 Summon Butterflies       Summ           #.......     93%         1    ##.....
 Call Imp                 Summ           #.......     98%         2    ###....
 Ensorcelled Hibernation  Hex/Ice        #.....       98%         2    ###....
 Passwall                 Tmut/Erth      #.......     98%         2    ###....
 Poisonous Vapours        Pois/Air       #.....       98%         2    ###....
 Shroud of Golubria       Chrm/Tloc      #.........   98%         2    ###....
 Slow                     Hex            #.......     98%         2    ###....
 Song of Slaying          Chrm           #.......     98%         2    ###....
 Sticks to Snakes         Tmut           #.......     98%         2    ###....
 Sublimation of Blood     Necr           #.........   98%         2    ###....
 Throw Frost              Conj/Ice       #.....       98%         2    ###....
 Confuse                  Hex            #.......     100%        3    ####...
 Conjure Flame            Conj/Fire      #.......     100%        3    ####...
 Dazzling Spray           Conj/Hex       #.....       100%        3    ####...
 Gell's Gravitas          Tloc           #.........   100%        3    ####...
 Lesser Beckoning         Tloc           #.........   100%        3    ####...
 Mephitic Cloud           Conj/Pois/Air  #.......     100%        3    ####...
 Ozocubu's Armour         Chrm/Ice       #.......     100%        3    ####...
 Recall                   Summ/Tloc      N/A          100%        3    ####...
 Regeneration             Chrm/Necr      #.........   100%        3    ####...
 Spectral Weapon          Hex/Chrm       #.......     100%        3    ####...
 Spider Form              Tmut/Pois      #.........   100%        3    ####...
 Static Discharge         Conj/Air       #.......     100%        3    ####...
 Stone Arrow              Conj/Erth      #.....       100%        3    ####...
 Teleport Other           Tloc           #.......     100%        3    ####...
 Tukima's Dance           Hex            #.......     100%        3    ####...
 Vampiric Draining        Necr           #.........   100%        3    ####...
 Animate Dead             Necr           N/A          100%        4    #####..
 Ice Form                 Ice/Tmut       #.......     100%        4    #####..
 Olgreb's Toxic Radiance  Pois           #.......     100%        4    #####..
 Passage of Golubria      Tloc           N/A          100%        4    #####..
 Petrify                  Tmut/Erth      #.......     100%        4    #####..
 Summon Ice Beast         Ice/Summ       #.......     100%        4    #####..
 Throw Icicle             Conj/Ice       #.......     100%        4    #####..
 Agony                    Necr           #.......     100%        5    ######.
 Alistair's Intoxication  Tmut/Pois      #.......     100%        5    ######.
 Aura of Abjuration       Summ           #.........   100%        5    ######.
 Blade Hands              Tmut           #.........   100%        5    ######.
 Bolt of Draining         Conj/Necr      #.........   100%        5    ######.
 Bolt of Magma            Conj/Fire/Erth #.........   100%        5    ######.
 Borgnjor's Vile Clutch   Necr/Erth      #.........   100%        5    ######.
 Iskenderun's Battlesphe  Conj/Chrm      #.......     100%        5    ######.
 Lee's Rapid Deconstruct  Erth           #.........   100%        5    ######.
 Lightning Bolt           Conj/Air       #.........   100%        5    ######.
 Metabolic Englaciation   Hex/Ice        #.........   100%        5    ######.
 Summon Demon             Summ           #.........   100%        5    ######.
 Summon Forest            Summ/Tloc      #.........   100%        5    ######.
 Summon Mana Viper        Hex/Summ       #.......     100%        5    ######.
 Venom Bolt               Conj/Pois      #.........   100%        5    ######.
 Yara's Violent Unravell  Hex/Tmut       #.........   100%        5    ######.
 Bolt of Cold             Conj/Ice       #.........   100%        6    #######
 Freezing Cloud           Conj/Ice/Air   #.........   100%        6    #######
 Invisibility             Hex            #.......     100%        6    #######
 Iron Shot                Conj/Erth      #.........   100%        6    #######
 Ozocubu's Refrigeration  Ice            #.........   100%        6    #######
 Poison Arrow             Conj/Pois      #.........   100%        6    #######
 Shadow Creatures         Summ           N/A          100%        6    #######
 Simulacrum               Ice/Necr       #.........   100%        6    #######
 Haunt                    Necr/Summ      #.........   100%        7    #######
 Malign Gateway           Summ/Tloc      #.........   100%        7    #######
 Monstrous Menagerie      Summ           #.........   100%        7    #######
 Orb of Destruction       Conj           #.........   100%        7    #######
 Ring of Flames           Chrm/Fire      #.........   100%        7    #######
 Spellforged Servitor     Conj/Summ      #.........   100%        7    #######
 Summon Greater Demon     Summ           #.........   100%        7    #######
 Borgnjor's Revivificati  Necr           #.........   100%        8    #######
 Chain Lightning          Conj/Air       #.........   100%        8    #######
 Death's Door             Chrm/Necr      #.........   100%        8    #######
 Ignition                 Fire           #.........   100%        8    #######
 Infestation              Necr           #.........   100%        8    #######
 Lehudib's Crystal Spear  Conj/Erth      #.........   100%        8    #######
 Necromutation            Tmut/Necr      #.........   100%        8    #######
 Summon Horrible Things   Summ           #.........   100%        8    #######
 Fire Storm               Conj/Fire      #.........   100%        9    #######
 Glaciate                 Conj/Ice       #.........   100%        9    #######
 Shatter                  Erth           #.........   100%        9    #######
 Tornado                  Air            #.........   100%        9    #######

Action                   |  1- 3 |  4- 6 |  7- 9 | 10-12 | 13-15 | 16-18 | 19-21 | 22-24 | 25-27 || total
-------------------------+-------+-------+-------+-------+-------+-------+-------+-------+-------++-------
Melee: Trident           |    73 |   194 |   291 |   212 |    35 |       |       |       |       ||   805
       Headbutt          |     8 |    32 |    58 |   141 |   182 |   216 |   318 |   300 |   377 ||  1632
       Halberd           |       |       |       |   467 |       |       |       |       |       ||   467
       Bardiche          |       |       |       |       |   955 |  1281 |  1475 |  1337 |  1489 ||  6537
       Demon trident     |       |       |       |       |    20 |    14 |       |       |       ||    34
Throw: Javelin           |       |     7 |     4 |     3 |     2 |       |       |     1 |       ||    17
       Throwing net      |       |     1 |       |     3 |       |       |       |       |       ||     4
       Tomahawk          |       |       |     9 |     1 |       |       |       |       |       ||    10
Invok: Upheaval          |       |       |       |       |     1 |       |       |     6 |    10 ||    17
       Disaster Area     |       |       |       |       |       |     5 |       |       |     4 ||     9
       Elemental Force   |       |       |       |       |       |       |       |       |     1 ||     1
Evoke: Wand              |       |       |     6 |     8 |     5 |     8 |     6 |     1 |     2 ||    36
       Fan of gales      |       |       |       |       |       |     1 |       |       |     1 ||     2
       Lightning rod     |       |       |       |       |       |       |       |     3 |       ||     3
       Lamp of fire      |       |       |       |       |       |       |       |       |     2 ||     2
  Use: Scroll            |     2 |     1 |    12 |    11 |    25 |     8 |    22 |    14 |    11 ||   106
       Potion            |       |       |     1 |     1 |     1 |     2 |    15 |     4 |    13 ||    37
 Stab: Invisible         |       |       |     1 |       |       |       |       |       |       ||     1
       Distracted        |       |       |     1 |     1 |     2 |       |     1 |       |     2 ||     7
       Petrified         |       |       |       |       |     5 |       |       |       |       ||     5
       Paralysed         |       |       |       |       |     3 |       |     4 |       |       ||     7
       Petrifying        |       |       |       |       |     1 |       |       |       |       ||     1
  Eat: Chunk             |       |     9 |    13 |    18 |    14 |     9 |    16 |    13 |    11 ||   103
       Ration            |       |       |     1 |     1 |     7 |     7 |     8 |     5 |     9 ||    38
Armor: Leather armour    |     4 |       |       |     1 |       |       |       |       |       ||     5
       Ring mail         |     8 |    35 |     6 |       |       |       |       |       |       ||    49
       Scale mail        |       |       |    47 |       |       |       |       |       |       ||    47
       Plate armour      |       |       |     2 |   240 |   488 |   345 |   414 |   351 |   425 ||  2265
Dodge: Dodged            |    27 |    72 |    80 |   141 |   365 |   395 |   563 |   516 |   794 ||  2953
       Deflected         |       |       |       |     7 |    18 |    76 |    35 |    42 |    58 ||   236
Block: Buckler           |       |       |    15 |    27 |       |       |       |       |       ||    42
       Other             |       |       |       |    53 |   427 |   493 |   472 |   392 |   303 ||  2140
       Reflection        |       |       |       |       |    22 |    64 |    40 |    51 |    22 ||   199

Inventory:

Hand Weapons
 a - a +9 bardiche of chopping (weapon)
 x - a +8 demon trident of electrocution
Missiles
 d - 7 throwing nets
 i - 23 javelins (quivered)
Armour
 c - a +2 hat (worn)
 g - the +2 pair of boots of Ret Wiuz (worn) {*Drain Str+3}
   (You acquired it on level 2 of the Depths)

   It affects your strength (+3).
   It causes draining when unequipped.
 p - a scarf of resistance (worn)
 q - a +2 cloak of magic resistance
 v - a +2 pair of gloves (worn)
 Y - the +9 plate armour of Freedom (worn) {rCorr Str+2 Dex-5}
   (You found it on level 3 of the Depths)

   It affects your strength (+2).
   It affects your dexterity (-5).
   It provides partial protection from all sources of acid and corrosion.
Jewellery
 w - the ring "Daus" (left hand) {Dex+5 SInv}
   (You took it off an orc priest on level 2 of the Depths)

   [ring of see invisible]

   It affects your dexterity (+5).
   It lets you see invisible.
 F - a +5 ring of protection
 G - the ring of Circularity {+Inv rF+ MR+ Dex+3 Stlth+}
   (You took it off a tengu reaver on level 5 of the Vaults)

   [ring of stealth]

   It affects your dexterity (+3).
   It protects you from fire.
   It affects your resistance to hostile enchantments.
   It lets you turn invisible.
   It makes you more stealthy.
 N - the amulet of Ryotetha (around neck) {rPois Regen+ Dex+3 Slay+3}
   (You took it off a deep elf high priest on level 5 of the Vaults)

   [amulet of regeneration]

   It affects your dexterity (+3).
   It affects your accuracy and damage with ranged weapons and melee attacks
   (+3).
   It protects you from poison.
   It increases your rate of regeneration.
 Q - the ring "Varuol" (right hand) {rF+ MR+ AC+3 Int-2 Stlth+}
   (You bought it in a shop on level 10 of the Dungeon)

   [ring of protection]

   It affects your AC (+3).
   It affects your intelligence (-2).
   It protects you from fire.
   It affects your resistance to hostile enchantments.
   It makes you more stealthy.
 U - a +4 ring of intelligence
 V - the ring "Coish" {rC+ rN+}
   (You found it on level 2 of the Depths)

   [ring of protection from cold]

   It protects you from cold.
   It protects you from negative energy.
 W - the ring of Harmony {rCorr Str+7}
   (You found it on level 3 of the Abyss)

   [ring of resist corrosion]

   It affects your strength (+7).
Wands
 m - a wand of scattershot (17)
 H - a wand of digging (21)
 I - a wand of acid (40)
 J - a wand of iceblast (60)
 O - a wand of clouds (3)
Scrolls
 b - 18 scrolls of remove curse
 l - 5 scrolls of blinking
 o - 28 scrolls of teleportation
 t - 10 scrolls of magic mapping
 A - 6 scrolls of fear
 B - 3 scrolls of silence
 K - 5 scrolls of enchant armour
 L - a scroll of enchant weapon
 R - 3 scrolls of holy word
 S - 27 scrolls of identify
 X - a scroll of summoning
 Z - 5 scrolls of fog
Potions
 e - 9 potions of heal wounds
 h - 8 potions of flight
 j - 7 potions of might
 k - 4 potions of cancellation
 n - 21 potions of curing
 r - 6 potions of mutation
 s - 10 potions of brilliance
 u - 4 potions of agility
 C - 3 potions of haste
 E - 4 potions of invisibility
 M - 2 potions of resistance
Miscellaneous
 y - a lamp of fire
 z - a phial of floods
 D - a lightning rod (4/4)
 T - a fan of gales (inert)
Comestibles
 f - 63 rations
 P - 5 chunks of flesh {@w1}

**,,,,,,,,,,,,,,,,,,,,,,
**............,,,,,,,,,
▓▓...........,,,,,,,,,
▓▓............,,,,,,,,,
▓▓...).........,,,,,,,,,
▓...........^..,,,,,,,,,
▓....§5........,,,,,,,,,
*▓..°.35☼......,,,,,,,,,
*▓§§3f@5......,,,,,,,**
*▓5○8ff5.....,,,,****
▓▓8○☼.8##▓▓▓▓▓▓▓▓▓▓▓#
##§○§☼...........))).#
##z§§D4☼..........##...
##.○................###.
#....(...^.f..ff.....###
#....5§..(f.^........# #
#......X........f....#


You could see 2 electric golems, a golden dragon, an obsidian statue, 2
deathcaps, 4 wandering mushrooms, an ice devil, 2 neqoxecs, an iron imp, 2
quasits, a crimson imp, a shadow imp and an ufetubus.

Vanquished Creatures
  5 ancient liches
  4 orbs of fire
  A juggernaut (Depths:3)
  Sojobo (Vaults:2)
  Bai Suzhen (Swamp:3)
  6 Killer Klowns (Zot:5)
  Saint Roka (Crypt:2)
  2 shard shrikes (Zot:4)
  Margery (Vaults:2)
  11 caustic shrikes
  A curse toe (Zot:2)
  20 golden dragons
  A bone dragon (Crypt:3)
  Jory (Vaults:2)
  Nikola (Elf:1)
  An electric golem (Zot:2)
  Rupert (Lair:3)
  15 tentacled monstrosities
  7 titans
  12 liches
  Asterion (Elf:1)
  14 Orb Guardians (Zot:5)
  3 deep elf blademasters
  6 death cobs
  A deep elf master archer (Elf:3)
  10 quicksilver dragons
  2 thorn hunters (Swamp:4)
  5 sphinxes
  An ancient champion (Vaults:3)
  11 tengu reavers
  A revenant (Crypt:2)
  24 storm dragons
  8 shadow dragons
  7 draconian monks
  7 nagarajas
  2 iron dragons
  23 frost giants
  16 fire giants
  Aizul (Vaults:3)
  8 deep elf sorcerers
  9 draconian knights
  A juggernaut zombie (Depths:4)
  16 vault wardens
  A balrug (Depths:4)
  7 draconian shifters
  3 ghouls
  5 draconian scorchers
  7 war gargoyles
  6 draconian stormcallers
  A curse skull (Vaults:3)
  4 deep elf elementalists
  17 very ugly things
  12 ironheart preservers
  6 draconian annihilators
  2 spriggan defenders (Depths:2)
  2 reapers
  23 stone giants
  14 black draconians
  11 green draconians
  4 deep elf demonologists
  14 vampire knights
  21 yellow draconians
  11 white draconians
  8 purple draconians
  12 deep elf annihilators
  18 red draconians
  A dire elephant (Lair:6)
  2 blizzard demons (Abyss:3)
  3 crystal guardians (Crypt:3)
  A green death (Depths:3)
  14 deep elf death magi
  14 spark wasps
  Snorg (Orc:1)
  11 fire dragons
  9 ettins
  A merfolk impaler (Abyss:3)
  A fire dragon (shapeshifter) (Depths:3)
  11 jiangshi
  2 quicksilver dragon zombies
  5 great orbs of eyes
  13 deep elf high priests
  13 hydras
  14 yaktaur captains
  15 naga warriors
  34 vault guards
  Harold (D:8)
  2 rakshasas (Depths:2)
  Erolcha (D:9)
  2 ghost crabs (Swamp:3)
  24 ice dragons
  18 anacondas
  6 centaur warriors
  6 spriggan air magi
  An anaconda (shapeshifter) (Depths:3)
  3 death knights
  3 catoblepae
  11 death yaks
  13 ogre magi
  11 alligators
  7 deep troll shamans
  41 two-headed ogres
  A deep troll earth mage (Vaults:4)
  26 dancing weapons
  A queen ant (Lair:3)
  11 vampire magi
  7 orc high priests
  Urug (Orc:1)
  14 naga sharpshooters
  6 tengu warriors
  2 spriggan berserkers (Depths:3)
  2 shock serpents (Snake:1)
  4 titan zombies
  7 large abominations
  Sonja (Lair:5)
  2 sun demons (Depths:4)
  4 soul eaters
  5 small abominations
  26 deep elf knights
  A wretched star (Abyss:5)
  2 shadow wraiths
  29 skeletal warriors
  A titan skeleton (Crypt:3)
  A fire crab (shapeshifter) (Vaults:3)
  An entropy weaver zombie (Crypt:2)
  12 sea snakes
  5 salamander mystics
  7 flayed ghosts
  2 ghost moth zombies (Crypt:3)
  22 hell knights
  5 spriggan druids
  A deep troll (shapeshifter) (Vaults:5)
  8 iron trolls
  4 glowing orange brains
  13 deep trolls
  8 unseen horrors
  An iron giant zombie (Crypt:1)
  3 swamp dragons
  12 ironbrand convokers
  A harpy (Vaults:2)
  18 deep elf archers
  7 wizards
  A swamp dragon (shapeshifter) (Vaults:5)
  8 naga ritualists
  63 deep elf magi
  13 orc knights
  A tengu zombie (Depths:4)
  Pikel (D:6)
  7 phantasmal warriors
  13 necromancers
  18 mana vipers
  An iron dragon zombie (Crypt:3)
  3 orc sorcerers
  20 ugly things
  5 wolf spiders
  4 manticores
  9 cyclopes
  A fire giant zombie (Crypt:1)
  6 guardian serpents (Snake:4)
  23 moths of wrath
  A stone giant zombie (Crypt:3)
  A dire elephant zombie (Crypt:2)
  20 vault sentinels
  15 salamanders
  12 elephants
  A stone giant skeleton (Crypt:3)
  A black mamba (shapeshifter) (Vaults:5)
  A frost giant skeleton (Crypt:3)
  A fire giant skeleton (Crypt:2)
  A spriggan zombie (Depths:4)
  2 elephants (shapeshifter)
  41 black mambas
  Psyche (D:9)
  An orc zombie (Vaults:3)
  A shock serpent zombie (Crypt:3)
  25 naga magi
  3 smoke demons
  A gargoyle (D:14)
  A human zombie (Vaults:3)
  13 spiny frogs
  4 torpor snails
  44 yaktaurs
  A death yak zombie (Crypt:1)
  6 rime drakes
  A demonic crawler (Depths:3)
  A kobold demonologist (D:12)
  A white draconian zombie (Crypt:3)
  8 freezing wraiths
  2 tengu conjurers
  6 komodo dragons
  A hydra zombie (Crypt:3)
  4 trolls
  4 polar bears
  A pale draconian skeleton (Crypt:2)
  A meliai (shapeshifter) (Vaults:3)
  A wolf spider simulacrum (D:14)
  A hornet (shapeshifter) (Vaults:5)
  5 raiju (Abyss:3)
  2 queen bees (shapeshifter)
  2 raiju (shapeshifter)
  Prince Ribbit (D:8)
  14 hippogriffs
  A hippogriff (shapeshifter) (Vaults:5)
  5 tyrant leeches
  A dream sheep (shapeshifter) (Elf:3)
  A tengu simulacrum (Vaults:3)
  17 blink frogs
  A frost giant simulacrum (Vaults:3)
  16 hornets
  26 slime creatures
  8 bog bodies
  An ettin zombie (Vaults:3)
  An alligator zombie (Crypt:3)
  43 flying skulls
  An ice dragon zombie (Crypt:2)
  3 air elementals
  5 water elementals
  3 wyverns
  A wind drake zombie (Crypt:1)
  13 spriggans
  4 shadows
  A tarantella (shapeshifter) (Vaults:4)
  A wraith (Vaults:1)
  A vampire (D:11)
  An ettin skeleton (Crypt:2)
  26 yaks
  2 hungry ghosts
  4 basilisks
  A human (D:8)
  A hog (shapeshifter) (Depths:3)
  A neqoxec (Abyss:5)
  A chaos spawn (Depths:3)
  24 vampire mosquitoes
  A steam dragon (D:11)
  6 swamp worm simulacra (Swamp:4)
  55 nagas
  A naga (shapeshifter) (Vaults:1)
  20 soldier ants
  16 swamp worms
  6 wargs
  4 acid dragons
  9 insubstantial wisps
  A warg (shapeshifter) (Depths:1)
  A soldier ant (shapeshifter) (Depths:3)
  A monstrous demonspawn zombie (Crypt:1)
  A hell hound (Abyss:3)
  A floating eye (shapeshifter) (Vaults:5)
  15 hydra simulacra (Swamp:4)
  14 water moccasins
  3 floating eyes
  18 porcupines
  A slave (D:6)
  5 swamp drakes
  A phantom (Depths:3)
  An eye of draining (D:12)
  An eye of draining (shapeshifter) (Vaults:1)
  5 ice beasts
  33 orc warriors
  An ice beast (shapeshifter) (Vaults:3)
  A black bear (shapeshifter) (Elf:3)
  5 sky beasts
  A tengu (shapeshifter) (Vaults:1)
  9 necrophages
  An ogre (shapeshifter) (Vaults:1)
  14 boggarts
  6 black bears
  18 wolves
  A manticore skeleton (Crypt:2)
  38 ogres
  13 crocodiles
  6 centaurs
  A big kobold (shapeshifter) (Depths:2)
  3 big kobolds
  12 bullfrogs
  3 earth elementals
  A gnoll sergeant (D:9)
  A wyvern skeleton (D:14)
  5 scorpions
  A water moccasin skeleton (Crypt:2)
  A troll zombie (Crypt:2)
  22 killer bees
  An orc simulacrum (Vaults:1)
  A warg skeleton (Crypt:1)
  11 wights
  A centaur zombie (D:9)
  11 electric eels
  9 crimson imps
  2 human simulacra
  A wolf skeleton (Crypt:1)
  4 jellies
  Crazy Yiuf (D:3)
  2 bullfrog skeletons
  9 hounds
  A demonspawn zombie (Crypt:1)
  25 orc priests
  6 centaur skeletons
  4 iguanas
  29 orc wizards
  Natasha (thrice) (D:2)
  27 worker ants
  Terence (D:2)
  A hell rat (Depths:3)
  2 lightning spires (Abyss:3)
  2 hound skeletons
  A worker ant zombie (Crypt:2)
  10 gnolls
  17 adders
  4 shadow imps
  An ooze (D:3)
  2 swamp drake simulacra (Swamp:4)
  An adder zombie (D:6)
  2 adder skeletons
  8 worms
  2 dart slugs
  5 leopard geckos
  88 orcs
  11 bats
  6 giant cockroaches
  10 goblins
  6 hobgoblins
  6 jackals
  19 kobolds
  4 quokkas
  5 ball pythons
  10 frilled lizards
  2 jackal skeletons (D:4)
  A leopard gecko skeleton (D:4)
  2 quokka zombies
  8 rats
  3 butterflies (Lair:2)
  3 crawling corpses
2519 creatures vanquished.

Vanquished Creatures (others)
  A vault warden (Vaults:3)
  2 draconian shifters
  A draconian scorcher (Zot:4)
  3 stone giants
  A purple draconian (Zot:4)
  A red draconian (Zot:4)
  2 yaktaur captains
  A fire dragon (Zot:1)
  An ice dragon (Vaults:5)
  A hydra (Swamp:3)
  An anaconda (Snake:4)
  2 alligators (Swamp:4)
  A centaur warrior (Vaults:3)
  A deep elf knight (Elf:1)
  A naga sharpshooter (Snake:4)
  3 deep elf archers (Elf:1)
  4 deep elf magi
  A vault sentinel (Vaults:5)
  A hornet (Swamp:1)
  A spriggan (Swamp:3)
  2 swamp worms (Swamp:4)
  A slave (D:6)
  A boggart (Vaults:2)
  An orc priest (Orc:2)
  A ball lightning (Abyss:3)
  An orc (Orc:2)
  12 fungi
  A lurking horror (Abyss:3)
  29 plants
79 creatures vanquished.

Grand Total: 2598 creatures vanquished

Levels and vault maps discovered:
D:1:      dpeg_arrival_connections, layout_rooms
D:2:      wander_river, layout_loops_cross, nicolae_overflow_quartered_altars,
          st_stairs_14, uniq_natasha, uniq_terence
D:3:      layout_loops_ring, kennysheep_big_empty_room, minmay_door_square,
          fedhas_altar_fruit_tree, uniq_crazy_yiuf_cottage
D:4:      layout_loops_ring, kennysheep_little_box,
          minmay_temple_entry_antechambers, first_ration, serial_shops, shop
D:5:      layout_basic
D:6:      layout_basic, uniq_pikel
D:7:      layout_basic, minitemple
D:8:      layout_basic, due_lair_maze_entry_diamond, basic_altar,
          grunt_pizzeria, nicolae_benzene_ring, uniq_prince_ribbit1, uniq_harold
D:9:      minmay_the_grid_triangle_9x9_rhombus_thin
          [minmay_the_grid_triangle_9x9_cache,
          minmay_the_grid_triangle_9x9_prize_schism,
          minmay_the_grid_triangle_9x9_dagger,
          minmay_the_grid_triangle_9x9_flanged_cone], layout_basic,
          nicolae_lava_and_water, uniq_psyche, uniq_erolcha
D:10:     layout_stronghold, serial_shops, shop_statue, nicolae_shop_crystal,
          nicolae_shop_trees
D:11:     layout_rooms, roderic_batcave, minmay_unpleasant_kobolds
D:12:     layout_cave_pods, orc_0_dummy, serial_shops,
          nicolae_shop_overgrown_old_shop, serial_bayou_ford_a
D:13:     layout_cave_pools, lightli_vaults_fourway_checkpoint, tgw_lugonu_bribe
D:14:     layout_basic, kennysheep_small_spiral, nicolae_elemental_shop
D:15:     grunt_enter_depths_giant_problem, layout_loops_corners,
          minmay_misc_feat_tiny
Temple:   eino_temple_lava
Lair:1:   layout_regular_city, grunt_megastairs_1, infiniplex_staircase_pool
Lair:2:   layout_chaotic_city, hangedman_lair_generics_rect,
          infiniplex_staircase_pool_2, lemuel_fruit_fields
Lair:3:   layout_chaotic_city, nicolae_swamp_entry_splash_gauntlet,
          minmay_snake_entry_guardpost_small, minivault_29, grunt_megastairs_4,
          uniq_rupert
Lair:4:   layout_gridlike, minmay_lair_drake_nest, lemuel_fruit_tree
Lair:5:   layout_regular_city, uniq_sonja
Lair:6:   grunt_lair_end_beastmaster, layout_long_grid,
          minmay_slime_entry_pillars, serial_rivers,
          chequers_serial_rivers_small_b, chequers_serial_rivers_large_a,
          chequers_serial_rivers_micro_a, chequers_serial_rivers_small_a,
          ebering_ghost_xom, minivault_19
Swamp:1:  layout_basic_swamp, nicolae_swamp_fairy_circle
Swamp:2:  layout_falls_marsh, hangedman_swamp_ruin_wall
Swamp:3:  layout_falls_marsh, evilmike_swamp_ruin_rubble_1
Swamp:4:  swamp_icy, layout_basic_swamp, uniq_bai_suzhen
Snake:1:  layout_misc_corridors, abandoned_shop, nicolae_snake_springs,
          serial_bayou_shore_a, minmay_shop_grove
Snake:2:  cheibrodos_snake_ritualist_ritual, layout_grid_maze
Snake:3:  layout_gridlike, serial_shops, shop, gammafunk_ghost_necromancy,
          serial_bayou_shore_b
Snake:4:  grunt_snake_rune_pools, layout_grid_shapes
Orc:1:    layout_diamond_mine, lemuel_statue_altar, uniq_snorg, uniq_urug
Orc:2:    st_orc_mages, layout_caves, gauntlet_entry_generic
Elf:1:    eino_elf_arrival_sip, layout_gridlike, kennysheep_underground_church,
          minmay_shoptagon, uniq_nikola, uniq_asterion
Elf:2:    layout_loops_ring
Elf:3:    minmay_elf_hall_hex, layout_geoelf_diagonals
Vaults:1: hangedman_vaults_stagger, vaults_mumra_hex, ontoclasm_vaults_chip,
          grunt_vaults_hallway_long, vaults_mumra_minichess_inversion,
          ontoclasm_vaults_fault, vaults_dpeg_hooks, nicolae_vaults_asterisk,
          layout_vaults_quadrants, serial_shops, bzr_entry_customers
Vaults:2: v_misc_3, v_misc_25, nicolae_vaults_minivaults, v_misc_28,
          hangedman_vaults_corner, hangedman_vaults_trim,
          nicolae_vaults_big_angled_halls, vaults_mumra_lcd,
          ontoclasm_vaults_chip, hangedman_vaults_slice,
          layout_vaults_omnicross, serial_shops, shop, uniq_jory, uniq_margery,
          uniq_aizul, uniq_sojobo
Vaults:3: v_alt_pattern_3, vaults_room_fours, minmay_crypt_entry_simple_walls,
          vaults_room_door_hall, nicolae_vaults_circle_grid_b, vaults_dpeg_ring,
          vaults_room_door_hall, nicolae_vaults_three_branches, v_rooms_5,
          v_misc_26, ontoclasm_vaults_ligature, st_cells, layout_vaults_big_room
Vaults:4: ontoclasm_vaults_misaligned, v_misc_5,
          nicolae_vaults_little_squares_6, vaults_room_fours, v_misc_27,
          vaults_room_semicircle, nicolae_vaults_hallways_thing,
          vaults_room_fancy_cross, vaults_room_fancy_cross,
          vaults_standard_mumra_lines, nicolae_vaults_halls_meeting,
          grunt_vaults_twisty, hangedman_vaults_river_flow,
          nicolae_vaults_shelves_hall, layout_vaults_maze_bifur
Vaults:5: serial_shops
Crypt:1:  layout_catacombs
Crypt:2:  layout_gridlike
Crypt:3:  cryptofortress_bobbens, uniq_saint_roka
Depths:1: layout_gridlike, minmay_misc_feat_columns,
          hangedman_tar_grid_catacomb, nemelex_xobeh_ov_fountains_minmay
Depths:2: hangedman_spin_cycle, hell_entry
Depths:3: grunt_twisty_corner, layout_long_grid, serial_shops,
          nicolae_shop_overgrown_old_shop, pan_entry, tso_altar,
          pf_dread_powers_of_hell, pandoras_box_mu, infiniplex_staircase_river
Depths:4: grunt_house_of_mirrors, layout_basic, enter_ziggurat_e, special_room
          [special_room_morgue], lightli_too_deep, abyss_entry, minmay_shop_star
Depths:5: grunt_zot_entry_hairpin, layout_honeycomb, hell_entry, abandoned_shop,
          nicolae_barding_shop
Zot:1:    layout_basic, hangedman_elemental_corridor
Zot:2:    kennysheep_six_static_rooms, layout_cathedral_of_symmetry,
          hangedman_zot_diagonal_lockstep
Zot:3:    layout_misc_corridors, st_stairs_6
Zot:4:    minmay_elemental_castle, layout_basic, zot_minivault_5,
          grunt_megastairs_2
Zot:5:    layout_basic
Abyss:3:  evilmike_abyss_exit_chaos, dshaligram_kb_abyss_rune_zappy_water_cross
Abyss:5:  evilmike_abyss_exit_kraken, bh_abyss_exit_spiral, minivault_28
Bazaar:   bazaar_jpeg_cross


Message History

You headbutt the ufetubus!
You kill the ufetubus!
You continue reading the scroll.
The electric golem hits you but does no damage.
The electric golem closely misses you. You block the electric golem's attack.
The electric golem closely misses you.
The electric golem is engulfed in freezing vapours.
The electric golem hurls lightning at you.
The bolt of lightning hits you but does no damage.
The obsidian statue's eyes glow briefly.
The obsidian statue attempts to bespell you!
You resist with almost no effort.
As you read the scroll of fog, it crumbles to dust.
The scroll dissolves into smoke.
You block the deathcap's attack.
The deathcap releases spores at you but does no damage.
The electric golem hurls lightning at you.
The bolt of lightning hits the electric golem.
The electric golem completely resists.
The bolt of lightning hits you!!!
You die...

Notes
Turn   | Place    | Note
-------+----------+-------------------------------------------
     0 | D:1      | Orphidia the Minotaur Gladiator began the quest for the
                  | Orb.
     0 | D:1      | Reached XP level 1. HP: 18/18 MP: 0/0
   115 | D:1      | Reached XP level 2. HP: 25/25 MP: 1/1
   634 | D:2      | Noticed Natasha
   636 | D:2      | Reached skill level 5 in Polearms
   636 | D:2      | Noticed a crimson imp
   645 | D:1      | Reached XP level 3. HP: 21/30 MP: 2/2
   841 | D:2      | Found a radiant altar of Vehumet.
   841 | D:2      | Found a sparkling altar of Nemelex Xobeh.
   841 | D:2      | Found a hide-covered altar of Uskayaw.
   853 | D:2      | Found a bloodstained altar of Trog.
   994 | D:2      | Noticed Terence
  1005 | D:2      | Killed Terence
  1005 | D:2      | Reached XP level 4. HP: 37/37 MP: 3/3
  1182 | D:2      | Killed Natasha
  1554 | D:2      | Noticed Natasha
  1564 | D:2      | Killed Natasha
  1988 | D:2      | Reached XP level 5. HP: 42/42 MP: 4/4
  2123 | D:2      | Noticed Natasha
  2133 | D:2      | Killed Natasha
  2717 | D:3      | Found a blossoming altar of Fedhas.
  2899 | D:3      | Found a runed translucent door.
  2900 | D:3      | Noticed Crazy Yiuf
  2907 | D:3      | Killed Crazy Yiuf
  3192 | D:4      | Reached XP level 6. HP: 45/50 MP: 5/5
  3467 | D:4      | Found Ker Ehow's Antique Armour Emporium.
  3579 | D:4      | Found a shadowy altar of Dithmenos.
  3640 | D:4      | Found a staircase to the Ecumenical Temple.
  3649 | Temple   | Entered the Ecumenical Temple
  3821 | D:4      | Reached XP level 7. HP: 55/56 MP: 6/6
  4067 | D:5      | Entered Level 5 of the Dungeon
  4100 | D:5      | Reached skill level 10 in Polearms
  5347 | D:6      | Noticed Pikel
  5475 | D:6      | Killed Pikel
  5475 | D:6      | Reached XP level 8. HP: 43/62 MP: 7/7
  6267 | D:7      | Reached XP level 9. HP: 45/67 MP: 8/8
  6481 | D:7      | Found an ornate altar of the Wu Jian Council.
  6488 | D:7      | Found a shattered altar of Ashenzari.
  6496 | D:7      | Found a stormy altar of Qazlal.
  6503 | D:7      | Became a worshipper of Qazlal Stormbringer
  6960 | D:8      | Found a snail-covered altar of Cheibriados.
  7187 | D:8      | Reached skill level 5 in Fighting
  7298 | D:8      | Noticed Prince Ribbit
  7338 | D:8      | Killed Prince Ribbit
  7512 | D:8      | Reached * piety under Qazlal
  7629 | D:8      | Found a staircase to the Lair.
  7797 | D:8      | Reached skill level 5 in Dodging
  8039 | D:8      | Noticed Harold
  8065 | D:8      | Killed Harold
  8065 | D:8      | Reached XP level 10. HP: 49/87 MP: 9/9
  8304 | D:8      | Reached skill level 5 in Armour
  8600 | D:9      | Noticed Psyche
  8607 | D:9      | Reached ** piety under Qazlal
  8608 | D:9      | Killed Psyche
  8654 | D:9      | Noticed Erolcha
  8661 | D:9      | Killed Erolcha
  8738 | D:9      | Paralysed by an orc for 2 turns
  8742 | D:9      | Noticed a two-headed ogre
  8772 | D:9      | Killed a two-headed ogre
  8772 | D:9      | Reached skill level 10 in Armour
  9045 | D:9      | Reached XP level 11. HP: 89/93 MP: 10/10
  9177 | D:9      | Identified the Guide on Attacks
  9182 | D:9      | Got a wavering tin ring
  9184 | D:9      | Identified the ring "Haushost" {*Tele Int+3} (You found it
                  | on level 9 of the Dungeon)
  9477 | D:10     | Entered Level 10 of the Dungeon
  9484 | D:10     | Reached skill level 1 in Evocations
  9508 | D:10     | Found Jiakhlaa's Food Shoppe.
  9509 | D:10     | Noticed a two-headed ogre
  9522 | D:10     | Killed a two-headed ogre
  9786 | D:10     | Found Mudix's General Store.
  9814 | D:10     | Found Foejurao's Jewellery Boutique.
  9817 | D:10     | Bought the ring "Varuol" {rF+ MR+ AC+3 Int-2 Stlth+} for
                  | 548 gold pieces
 10121 | D:10     | Killed an unseen horror
 10562 | D:11     | Reached *** piety under Qazlal
 11008 | D:11     | Identified a scroll of acquirement
 11037 | D:12     | Found a staircase to the Orcish Mines.
 11052 | D:12     | Noticed a white ugly thing
 11063 | D:12     | Killed a white ugly thing
 11066 | D:12     | Reached **** piety under Qazlal
 11270 | D:12     | Reached skill level 5 in Evocations
 11278 | D:12     | Reached skill level 15 in Polearms
 11338 | D:12     | Noticed a two-headed ogre
 11349 | D:12     | Killed a two-headed ogre
 11866 | D:12     | Noticed a two-headed ogre
 11873 | D:12     | Killed a two-headed ogre
 11873 | D:12     | Reached XP level 12. HP: 88/101 MP: 15/15
 11986 | D:12     | Found Zada's Antique Weapon Boutique.
 12249 | D:13     | Found a corrupted altar of Lugonu.
 12324 | D:13     | Noticed a centaur warrior
 12337 | D:13     | Killed a centaur warrior
 12415 | D:13     | Got a shimmering leather armour
 12430 | D:13     | Noticed a centaur warrior
 12438 | D:13     | Killed a centaur warrior
 12465 | D:13     | Reached ***** piety under Qazlal
 12465 | D:13     | Noticed a vault guard
 12470 | D:13     | Noticed a vault guard
 12748 | Lair:1   | Entered Level 1 of the Lair of Beasts
 14049 | Lair:2   | Identified the +2 leather armour "Wufetuq" {Dex+4 SInv}
                  | (You found it on level 13 of the Dungeon)
 14206 | Lair:2   | Noticed a five-headed hydra
 14206 | Lair:2   | Noticed a death yak
 14232 | Lair:2   | Killed a death yak
 14441 | Lair:2   | Killed a five-headed hydra
 14441 | Lair:2   | Reached XP level 13. HP: 76/106 MP: 16/16
 16018 | Lair:3   | Found a staircase to the Snake Pit.
 16149 | Lair:3   | Noticed Rupert
 16164 | Lair:3   | Reached ****** piety under Qazlal
 16172 | Lair:3   | Killed Rupert
 16668 | Lair:3   | Found a staircase to the Swamp.
 17143 | Lair:4   | Reached XP level 14. HP: 106/114 MP: 17/17
 18135 | Lair:5   | Noticed Sonja
 18146 | Lair:5   | Killed Sonja
 18575 | Lair:6   | Entered Level 6 of the Lair of Beasts
 19178 | Lair:6   | Found a runed translucent door.
 19178 | Lair:6   | Found a shimmering altar of Xom.
 19179 | Lair:6   | Noticed whodunnit's ghost (journeyman DsGl)
 19224 | Lair:6   | Found a staircase to the Slime Pits.
 20257 | D:13     | Found a gate to the Vaults.
 20517 | D:14     | Reached XP level 15. HP: 101/120 MP: 18/18
 20620 | D:14     | Got a bloodstained scale mail
 20654 | D:13     | Identified the cursed +1 scale mail of the King {+Blink rC-
                  | rN+ Int+2} (You found it on level 14 of the Dungeon)
 20676 | D:14     | Found Xosehich's Elemental Accessories.
 21236 | D:15     | Entered Level 15 of the Dungeon
 21579 | D:15     | Noticed a fire giant
 21579 | D:15     | Found a staircase to the Depths.
 21587 | D:15     | Killed a fire giant
 22184 | Orc:1    | Entered Level 1 of the Orcish Mines
 22184 | Orc:1    | Noticed Snorg
 22197 | Orc:1    | Killed Snorg
 22236 | Orc:2    | Entered Level 2 of the Orcish Mines
 22236 | Orc:2    | Found a staircase to the Elven Halls.
 22556 | Orc:1    | Noticed Urug
 22561 | Orc:1    | Killed Urug
 23266 | Orc:2    | Found Xugoyzxuown's Magic Scroll Shoppe.
 23266 | Orc:2    | Found Xuylesos's General Store.
 23267 | Orc:2    | Found Dounkerr's Weapon Emporium.
 23270 | Orc:2    | Found Keedium's Assorted Antiques.
 23273 | Orc:2    | Bought a scroll of remove curse for 36 gold pieces
 23273 | Orc:2    | Bought a scroll of remove curse for 36 gold pieces
 23273 | Orc:2    | Bought a scroll of magic mapping for 42 gold pieces
 23274 | Orc:2    | Bought a sapphire potion for 22 gold pieces
 23274 | Orc:2    | Bought a fizzy puce potion for 22 gold pieces
 23280 | Orc:2    | Bought a scroll of enchant weapon for 127 gold pieces
 23280 | Orc:2    | Bought a scroll of enchant weapon for 127 gold pieces
 23584 | Orc:1    | Found a roughly hewn altar of Beogh.
 23960 | Swamp:1  | Entered Level 1 of the Swamp
 25184 | Swamp:2  | Reached skill level 1 in Invocations
 25945 | Swamp:2  | Reached skill level 2 in Invocations
 26132 | Swamp:3  | Reached XP level 16. HP: 127/127 MP: 19/19
 26162 | Swamp:3  | Reached skill level 3 in Invocations
 26565 | Swamp:3  | Reached skill level 4 in Invocations
 27257 | Swamp:4  | Entered Level 4 of the Swamp
 27286 | Swamp:4  | Noticed Bai Suzhen
 27311 | Swamp:3  | Killed Bai Suzhen
 27311 | Swamp:3  | Reached skill level 5 in Invocations
 27528 | Swamp:4  | Noticed a thorn hunter
 27545 | Swamp:4  | Killed a thorn hunter
 27784 | Swamp:4  | Reached skill level 6 in Invocations
 27802 | Swamp:4  | Noticed a thorn hunter
 27812 | Swamp:4  | Killed a thorn hunter
 28400 | Swamp:4  | Reached skill level 7 in Invocations
 28446 | Swamp:4  | Reached skill level 10 in Dodging
 28633 | Swamp:4  | Got a decaying rune of Zot
 29041 | Snake:1  | Entered Level 1 of the Snake Pit
 29415 | Snake:1  | Reached skill level 8 in Invocations
 29690 | Snake:1  | Found Qadey's Gadget Shop.
 29700 | Snake:1  | Found Mohexzoq's Gadget Shop.
 29718 | Snake:1  | Found Mofie's Jewellery Shoppe.
 30103 | Snake:1  | Reached skill level 9 in Invocations
 30103 | Snake:1  | Reached XP level 17. HP: 127/133 MP: 22/22
 31337 | Snake:2  | Reached skill level 10 in Invocations
 31404 | Snake:2  | Reached skill level 10 in Fighting
 32662 | Snake:3  | Found Xuxkuco's Antique Armour Emporium.
 32802 | Snake:3  | Bought a glowing scarf for 184 gold pieces
 32974 | Snake:3  | Reached skill level 11 in Invocations
 33143 | Snake:3  | Found a runed translucent gate.
 33144 | Snake:3  | Found a runed translucent gate.
 33145 | Snake:3  | Found a runed translucent gate.
 33146 | Snake:3  | Noticed xoxolimbo's ghost (adept GnEE)
 33360 | Snake:4  | Entered Level 4 of the Snake Pit
 33916 | Snake:4  | Reached skill level 12 in Invocations
 33948 | Snake:4  | Reached XP level 18. HP: 106/153 MP: 26/26
 34803 | Snake:4  | Got a serpentine rune of Zot
 35052 | Vaults:1 | Entered Level 1 of the Vaults
 35205 | Vaults:1 | Found a flickering gateway to a bazaar.
 35214 | Bazaar   | Entered a bazaar
 35214 | Bazaar   | Found Utillao's Antique Weapon Shop.
 35214 | Bazaar   | Found Rigag's General Store.
 35358 | Bazaar   | Found Toasuvis's Antique Armour Shop.
 35366 | Bazaar   | Bought a pair of embroidered gloves for 165 gold pieces
 35377 | Bazaar   | Bought a glowing plate armour for 572 gold pieces
 35393 | Bazaar   | Bought a runed plate armour for 572 gold pieces
 35410 | Bazaar   | Bought a glowing cloak for 165 gold pieces
 35815 | Vaults:1 | Reached skill level 15 in Fighting
 35815 | Vaults:1 | Reached skill level 15 in Armour
 36390 | Vaults:1 | Reached XP level 19. HP: 95/169 MP: 27/27
 37064 | Vaults:2 | You fall through a shaft!
 38676 | Vaults:3 | Found a staircase to the Crypt.
 38893 | Vaults:2 | Noticed Margery
 38903 | Vaults:2 | Noticed Aizul
 38918 | Vaults:3 | Killed Aizul
 39040 | Vaults:2 | Killed Margery
 39222 | Vaults:2 | Found Gasmeodo's Gadget Shoppe.
 39387 | Vaults:2 | Noticed Jory
 39419 | Vaults:2 | Killed Jory
 39915 | Vaults:2 | Noticed Sojobo
 39928 | Vaults:2 | Killed Sojobo
 40015 | Vaults:2 | Reached XP level 20. HP: 127/187 MP: 28/28
 40944 | Vaults:4 | Identified the cursed +1 robe of Spring {+Blink rF- rC+++
                  | Dex+3}
 40952 | Vaults:3 | Cast into level 3 of the Abyss (a lich)
 40994 | Abyss:3  | Got an abyssal rune of Zot
 41022 | Abyss:3  | Found a corrupted altar of Lugonu.
 41033 | Abyss:3  | Got an ancient wooden ring
 41083 | Vaults:3 | Escaped the Abyss
 41418 | Vaults:3 | Identified the ring of Harmony {rCorr Str+7} (You found it
                  | on level 3 of the Abyss)
 41984 | Vaults:4 | Reached skill level 15 in Dodging
 42722 | Crypt:1  | Entered Level 1 of the Crypt
 43354 | Crypt:1  | Learned a level 2 spell: Blink
 44476 | Crypt:2  | Reached XP level 21. HP: 177/194 MP: 29/29
 45447 | Crypt:3  | Entered Level 3 of the Crypt
 45447 | Crypt:3  | Noticed Saint Roka
 45947 | Crypt:2  | Killed Saint Roka
 46550 | Crypt:3  | Found an ancient bone altar of Kikubaaqudgha.
 46551 | Crypt:3  | Noticed an ancient lich
 46556 | Crypt:3  | Killed an ancient lich
 46728 | Crypt:3  | Got a steaming copper ring
 46729 | Crypt:3  | Identified the ring "Taczoj Gywn" {rN+ Str+4} (You found it
                  | on level 3 of the Crypt)
 46730 | Crypt:3  | Identified the ring of Gicwoh {rC- rN+ Str+2 Stlth+} (You
                  | found it on level 3 of the Crypt)
 46731 | Crypt:3  | Identified the ring "Usmah" {rN+ Str+4} (You found it on
                  | level 3 of the Crypt)
 46875 | Crypt:3  | Found a staircase to the Tomb.
 47429 | Depths:1 | Entered Level 1 of the Depths
 47810 | Depths:1 | Reached XP level 22. HP: 202/202 MP: 30/30
 48170 | Depths:1 | Found a gateway to Hell.
 48192 | Depths:1 | Found a sparkling altar of Nemelex Xobeh.
 48567 | Depths:2 | Got a pair of polished boots
 48578 | Depths:2 | Identified the +2 pair of boots of Ret Wiuz {*Drain Str+3}
                  | (You acquired it on level 2 of the Depths)
 48642 | Depths:2 | Got a fine golden ring
 48643 | Depths:2 | Identified the ring "Coish" {rC+ rN+} (You found it on
                  | level 2 of the Depths)
 48654 | Depths:2 | Noticed a golden dragon
 48660 | Depths:2 | Killed a golden dragon
 48746 | Depths:2 | Paralysed by a great orb of eyes for 3 turns
 48899 | Depths:2 | Noticed a caustic shrike
 48908 | Depths:2 | Killed a caustic shrike
 48922 | Depths:2 | Identified the ring "Daus" {Dex+5 SInv}
 49445 | Depths:2 | Identified the ring "Riak" {rElec rF+ Int+3}
 49745 | Depths:2 | Noticed a golden dragon
 49769 | Depths:2 | Noticed a caustic shrike
 49771 | Depths:2 | Killed a golden dragon
 50050 | Depths:2 | Killed a caustic shrike
 50112 | Depths:2 | Found an opulent altar of Gozag.
 50189 | Depths:2 | Found a shattered altar of Ashenzari.
 50398 | Depths:2 | Found a sparkling altar of Nemelex Xobeh.
 50452 | Depths:3 | Found a glowing golden altar of the Shining One.
 50473 | Depths:3 | Found a runed translucent gate.
 50473 | Depths:3 | Found a runed translucent gate.
 50475 | Depths:3 | Found a runed translucent gate.
 50536 | Depths:3 | Found Jujont's Antique Weapon Shop.
 50885 | Depths:3 | Paralysed by something for 5 turns
 50893 | Depths:2 | Reached XP level 23. HP: 85/213 MP: 31/31
 51226 | Depths:3 | Paralysed by a floating eye for 2 turns
 51429 | Depths:3 | Upgraded the game from 0.24-a0-201-gf2055891f0 to
                  | 0.24-a0-203-gf0bc1e94ae
 51571 | Elf:1    | Entered Level 1 of the Elven Halls
 51921 | Depths:3 | Noticed a caustic shrike
 51923 | Depths:3 | Noticed a caustic shrike
 51931 | Depths:3 | Killed a caustic shrike
 51948 | Depths:3 | Got a jewelled plate armour
 51949 | Depths:3 | Identified the +9 plate armour of Freedom {rCorr Str+2
                  | Dex-5} (You found it on level 3 of the Depths)
 52191 | Depths:3 | Noticed a caustic shrike
 52201 | Depths:3 | Killed a caustic shrike
 52687 | Depths:3 | Identified the +8 quarterstaff "Ustruax" {flame, rPois
                  | rF++}
 52697 | Depths:3 | Noticed a caustic shrike
 52702 | Depths:3 | Killed a caustic shrike
 52773 | Depths:3 | Noticed a caustic shrike
 52786 | Depths:3 | Killed a caustic shrike
 52787 | Depths:3 | Killed a caustic shrike
 52787 | Depths:3 | Reached skill level 13 in Invocations
 52805 | Depths:3 | Identified the +1 robe of Uskayaw's Hatred {rN+ Str+2
                  | Int+4}
 52997 | Depths:3 | Found a one-way gate leading to the halls of Pandemonium.
 53022 | Depths:3 | Noticed a juggernaut
 53030 | Depths:3 | Killed a juggernaut
 53514 | Depths:3 | Reached skill level 14 in Invocations
 53875 | Depths:4 | Found a gateway to a ziggurat.
 53909 | Depths:4 | Noticed an ancient lich
 53922 | Depths:4 | Cast into level 5 of the Abyss (an ancient lich)
 53922 | Abyss:5  | Entered Level 5 of the Abyss
 53922 | Abyss:5  | Entered Level 5 of the Abyss
 53963 | Abyss:5  | Lost intelligence.
 53968 | Abyss:5  | Reached skill level 15 in Invocations
 53988 | Depths:4 | Escaped the Abyss
 53996 | Depths:4 | Killed an ancient lich
 54004 | Depths:4 | Reached XP level 24. HP: 202/228 MP: 33/33
 54097 | Depths:4 | Reached skill level 16 in Invocations
 54329 | Depths:4 | Found Hulokiyl's Antique Weapon Boutique.
 54333 | Depths:4 | Found Rydwal's Food Shop.
 54362 | Depths:4 | Found Jarrogimp's Magic Scroll Boutique.
 54369 | Depths:4 | Bought 2 scrolls of teleportation for 90 gold pieces
 54649 | Depths:4 | Identified the Handbook of Unholy Rites
 54689 | Depths:4 | Reached skill level 17 in Invocations
 55401 | Depths:4 | Found a one-way gate to the infinite horrors of the Abyss.
 55957 | Elf:1    | Noticed Nikola
 55959 | Elf:1    | Reached skill level 18 in Invocations
 55967 | Elf:1    | Killed Nikola
 56270 | Elf:1    | Noticed Asterion
 56278 | Elf:1    | Killed Asterion
 56317 | Elf:1    | Found Lahoar's Antique Weapon Shoppe.
 56321 | Elf:1    | Found Norgh's Antique Weapon Emporium.
 57060 | Elf:2    | Found a runed translucent gate.
 57060 | Elf:2    | Found a runed translucent gate.
 57065 | Elf:2    | Found a runed translucent gate.
 57408 | Elf:2    | Reached skill level 19 in Invocations
 57783 | Elf:3    | Entered Level 3 of the Elven Halls
 58300 | Elf:3    | Identified the cursed +1 halberd "Mipai" {chop, rC+}
 58302 | Elf:3    | Identified the ring "Bosaruh" {Ice Dex+7 SInv}
 58326 | Elf:3    | Reached XP level 25. HP: 235/235 MP: 35/35
 58358 | Elf:3    | Reached skill level 20 in Invocations
 59028 | Elf:3    | Identified the cursed +3 trident "Pedwecin" {antimagic, MR+
                  | Str-2 Int+2}
 59034 | Elf:3    | Identified the cursed +1 flail of Humar {drain, rElec rN+}
 59034 | Elf:3    | Identified the +3 leather armour of Coronation {rElec rN++
                  | Str+2}
 59034 | Elf:3    | Identified the amulet "Viqeer" {+Rage rPois rC- Str+5}
 59203 | Elf:3    | Got a pair of steaming boots
 59204 | Elf:3    | Identified the -4 pair of boots of Nobility {rC+ MP+9
                  | Int+2} (You acquired it on level 3 of the Elven Halls)
 59261 | Elf:3    | Got a warped chain mail
 59262 | Elf:3    | Identified the +2 chain mail of Perpetual Drought {rN+}
                  | (You found it on level 3 of the Elven Halls)
 59678 | Depths:5 | Entered Level 5 of the Depths
 59701 | Depths:4 | Reached skill level 21 in Invocations
 59993 | Depths:5 | Found Asopiz's Specialty Armours.
 60314 | Depths:5 | Found a gate to the Realm of Zot.
 61104 | Vaults:5 | Entered Level 5 of the Vaults
 61105 | Vaults:5 | Reached skill level 22 in Invocations
 61137 | Vaults:5 | Reached skill level 23 in Invocations
 61141 | Vaults:4 | Reached XP level 26. HP: 148/244 MP: 15/37
 61602 | Vaults:5 | Identified the +5 dagger of Hazetutu {protect, Str+4 Int+4
                  | SInv}
 61876 | Vaults:5 | Identified the cursed +0 broad axe of Evisceration {flame,
                  | rF++ rC++ Int-4}
 61979 | Vaults:5 | Noticed an ancient lich
 61988 | Vaults:5 | Killed an ancient lich
 61988 | Vaults:5 | Reached skill level 24 in Invocations
 62259 | Vaults:5 | Identified the +3 chain mail of Bezeoxiku {rElec rF+ MR++}
 62259 | Vaults:5 | Identified the amulet of Ryotetha {rPois Regen+ Dex+3
                  | Slay+3}
 62397 | Vaults:5 | Got a scorched scale mail
 62398 | Vaults:5 | Identified the +0 scale mail "Nogide" {*Corrode rN+ MR+}
                  | (You found it on level 5 of the Vaults)
 62455 | Vaults:5 | Identified the ring of Circularity {+Inv rF+ MR+ Dex+3
                  | Stlth+}
 62797 | Vaults:5 | Got a silver rune of Zot
 63112 | Vaults:5 | Got a clouded pewter amulet
 63113 | Vaults:5 | Identified the amulet of Zaolanuc {Inacc rN+ Int+2} (You
                  | found it on level 5 of the Vaults)
 63721 | Zot:1    | Entered Level 1 of the Realm of Zot
 63737 | Depths:5 | Reached skill level 25 in Invocations
 65061 | Zot:2    | Reached XP level 27. HP: 193/250 MP: 38/38
 65085 | Zot:2    | Reached skill level 26 in Invocations
 65717 | Zot:2    | Noticed an orb of fire
 65717 | Zot:2    | Gained mutation: Scrolls take you a little longer to read.
                  | [an orb of fire]
 65719 | Zot:2    | Gained mutation: Armour fits poorly on your strangely
                  | shaped body. [an orb of fire]
 65723 | Zot:2    | Gained mutation: Scrolls take you longer to read. [an orb
                  | of fire]
 65735 | Zot:2    | Killed an orb of fire
 65735 | Zot:2    | Reached skill level 27 in Invocations
 68749 | Zot:5    | Entered Level 5 of the Realm of Zot
 68931 | Zot:5    | Noticed an ancient lich
 68940 | Zot:5    | Killed an ancient lich
 69053 | Zot:5    | Noticed an orb of fire
 69056 | Zot:5    | Noticed an orb of fire
 69058 | Zot:5    | Noticed an orb of fire
 69067 | Zot:5    | Noticed an ancient lich
 69070 | Zot:5    | Gained mutation: Scrolls take you much longer to read. [an
                  | orb of fire]
 69072 | Zot:5    | Gained mutation: You occasionally shout uncontrollably at
                  | your foes. [an orb of fire]
 69073 | Zot:5    | Killed an orb of fire
 69088 | Zot:5    | Killed an orb of fire
 69090 | Zot:5    | Killed an ancient lich
 69091 | Zot:5    | Gained mutation: You sometimes yell uncontrollably at your
                  | foes. [an orb of fire]
 69097 | Zot:5    | Killed an orb of fire
 69341 | Zot:5    | Gained mutation: You tend to lose your temper in combat. [a
                  | neqoxec]
 69346 | Zot:5    | Killed from afar by an electric golem
